 Dungeon Crawl Stone Soup version 0.19.1-1-g22dce08 (webtiles) character file.

122 paradoxae the Stinger (level 4, -1/32 HPs)
             Began as a Vampire Venom Mage on Jan 11, 2017.
             Killed from afar by an orc wizard (10 damage)
             ... with a magic dart
             ... on level 1 of the Dungeon.
             The game lasted 00:28:29 (3389 turns).

paradoxae the Stinger (Vampire Venom Mage)          Turns: 3389, Time: 00:28:30

Health: -1/32      AC:  3    Str:  7    XL:     4   Next: 78%
Magic:  0/7        EV: 13    Int: 18    God:
Gold:   112        SH:  0    Dex: 14    Spells: 2 memorised, 3 levels left

rFire  . . .     SeeInvis +     a - +0 dagger
rCold  + . .     Gourm    .     h - +0 robe
rNeg   + + .     Faith    .     (no shield)
rPois  +         Spirit   +     n - +0 helmet
rElec  .         Reflect  .     (no cloak)
rCorr  .         Harm     .     (no gloves)
MR     .....                    (no boots)
Stlth  +++.......               k - amulet of guardian spirit
                                (no ring)
                                (no ring)

@: very slightly contaminated, regenerating slowly
A: fangs 3, see invisible, unbreathing
a: Bat Form


You were on level 1 of the Dungeon.
You were very thirsty.

You visited 1 branch of the dungeon, and saw 3 of its levels.

You collected 112 gold pieces.

Inventory:

Hand Weapons
 a - a +0 dagger (weapon)
 c - a +0 whip
Missiles
 m - 5 tomahawks (quivered)
Armour
 d - a +0 leather armour
 h - a +0 robe (worn)
 n - a +0 helmet (worn)
Jewellery
 k - an amulet of guardian spirit (around neck)
Scrolls
 e - a scroll of fog {unknown}
 f - 2 scrolls of immolation {unknown}
 g - 2 scrolls of enchant weapon {unknown}
 i - a scroll of teleportation {unknown}
 o - 3 scrolls of noise {unknown}
 s - a scroll of identify {unknown}
Potions
 j - a potion of heal wounds
 l - a potion of cancellation {unknown}
 p - a potion of lignification {unknown}
 q - 12 potions of blood
 r - a potion of haste {unknown}
Books
 b - a Young Poisoner's Handbook

   Spells                             Type                      Level
   a - Sting                          Conjuration/Poison           1
   b - Mephitic Cloud                 Conjuration/Poison/Air       3
   c - Olgreb's Toxic Radiance        Poison                       4
   d - Alistair's Intoxication        Transmutation/Poison         5
   e - Venom Bolt                     Conjuration/Poison           5


   Skills:
 + Level 1.5 Fighting
 + Level 1.0 Short Blades
 + Level 2.4 Dodging
 + Level 3.6 Stealth
 + Level 2.3 Spellcasting
 * Level 1.0 Conjurations
 * Level 1.1 Air Magic
 * Level 4.2 Poison Magic


You had 3 spell levels left.
You knew the following spells:

 Your Spells              Type           Power        Failure   Level  Hunger
f - Mephitic Cloud        Conj/Pois/Air  #.......     24%         3    ###....
z - Sting                 Conj/Pois      ##..         8%          1    #......


Dungeon Overview and Level Annotations

Branches:
Dungeon (3/15)

Altars:
Makhleb
Qazlal
Uskayaw


Innate Abilities, Weirdness & Mutations

You heal slowly.
You have razor-sharp teeth.
You have supernaturally acute eyesight. (SInv)
You can survive without breathing.


Message History

Casting: Mephitic Cloud
Confirm with . or Enter, or press ? or * to list all spells.
Aiming: Mephitic Cloud
Press: ? - help, Shift-Dir - straight line, f - you, p - orc You miscast Mephitic Cloud.
Your skin tingles.
The orc misses you. The orc wizard casts a spell at you.
The magic dart hits you!
The orc wizard mumbles some strange words.
The orc hits you but does no damage.
An orc comes into view. It is wielding a short sword.
The orc hits you with a short sword. The orc wizard barely misses you.
The orc hits you but does no damage. The orc hits you with a short sword.
The orc wizard hits you with a dagger.
* * * LOW HITPOINT WARNING * * *
The orc wizard completely misses you.
The orc wizard gestures wildly while chanting.
The orc wizard mumbles some strange words.
The orc wizard gestures at you while chanting.
The magic dart hits you!
You die...

####### #.....#
#.###.############
###.#.........##....
####.....#.#####.##.###
##.....@.##.# #.##.###
#)..........# #..(....
#..##o#..#### ####.##.
#..#.o#..# #....
#..#o##..######## #####
#..#.##..#......# #
#..).....#......# #
####.#####......# #####
###..####......# #....


You could see an orc wizard and 2 orcs.

Vanquished Creatures
  Terence (D:2)
  3 adders
  2 oozes
  2 worms (D:2)
  2 leopard geckos
  An orc (D:2)
  2 giant cockroaches
  6 goblins
  7 hobgoblins
  A jackal (D:2)
  9 kobolds
  A quokka (D:2)
  6 bats
  2 frilled lizards
  7 rats
52 creatures vanquished.

Notes
Turn   | Place    | Note
-------+----------+-------------------------------------------
     0 | D:1      | paradoxae the Vampire Venom Mage began the quest for the Orb.
     0 | D:1      | Reached XP level 1. HP: 13/13 MP: 3/3
   140 | D:1      | Reached XP level 2. HP: 20/20 MP: 1/5
   974 | D:1      | Reached XP level 3. HP: 25/25 MP: 1/6
  1106 | D:1      | Learned a level 3 spell: Mephitic Cloud
  1481 | D:2      | Found a stormy altar of Qazlal.
  1617 | D:2      | Reached skill level 1 in Fighting
  1622 | D:2      | Noticed Terence
  1659 | D:2      | Killed Terence
  1659 | D:2      | Reached skill level 1 in Short Blades
  1659 | D:2      | Reached skill level 4 in Poison Magic
  1659 | D:2      | Reached XP level 4. HP: 24/32 MP: 2/7
  1837 | D:2      | Reached skill level 1 in Conjurations
  1893 | D:2      | Found a hide-covered altar of Uskayaw.
  2484 | D:2      | Found a burning altar of Makhleb.
  2484 | D:2      | Noticed a green death
  2901 | D:3      | Reached skill level 1 in Air Magic
  3389 | D:1      | Killed from afar by an orc wizard

Skill      XL: |  1  2  3  4 |
---------------+-------------+-----
Fighting       | 1 |  1.5
Short Blades   | 1 |  1.0
Poison Magic   | 4 |  4.2
Conjurations   | 1 |  1.0
Air Magic      | 1 |  1.1
Dodging        | |  2.4
Stealth        | |  3.6
Spellcasting   | |  2.3

Action                   |  1- 3 |  4- 6 || total
-------------------------+-------+-------++-------
Melee: Whip              |     7 |       ||     7
       Unarmed           |     1 |       ||     1
       Dagger            |    62 |    85 ||   147
       Bite              |     6 |     2 ||     8
 Cast: Sting             |    46 |    13 ||    59
       Mephitic Cloud    |     2 |    13 ||    15
 Abil: End Transformatio |     1 |       ||     1
       Bat Form          |     1 |       ||     1
  Use: Potion            |       |     3 ||     3
 Stab: Sleeping          |     3 |     5 ||     8
       Confused          |     1 |     7 ||     8
Armor: Leather armour    |    15 |       ||    15
       Robe              |     3 |    22 ||    25
Dodge: Dodged            |    23 |    86 ||   109
